 Dungeon Crawl Stone Soup version 0.32-a0-17-gb74e046682 (webtiles) character file.

Game seed: 13405083741762247531

132960 swappor the Eclecticist (level 17, -1/102 HPs)
             Began as a Gargoyle Earth Elementalist on Jan 14, 2024.
             Was the Champion of Ru.
             Slain by an alligator (2 damage)
             ... on level 3 of the Swamp on Jan 15, 2024.
             The game lasted 04:15:28 (36725 turns).

swappor the Eclecticist (GrEE)                     Turns: 36725, Time: 04:15:29

Health: -1/102     AC: 23    Str: 10    XL:     17   Next: 13%
Magic:  11/49      EV: 13    Int: 31    God:    Ru [******]
Gold:   1476       SH:  0    Dex: 10    Spells: 27/54 levels left

rFire   + + .        G - +5 great sword of Miphi Kut {flame, Fly rPois rCorr MP+9 Int+3}
rCold   + + .        (shield currently unavailable)
rNeg    + . .        Q - +2 robe {rC+ rF+}
rPois   ∞            r - +0 helmet
rElec   +            f - scarf {rC+ rF+}
rCorr   +            t - +0 pair of gloves
SInv    .            w - +0 pair of boots
Will    +....        g - amulet of magic regeneration Stlth
                     m - ring "Nosihofa" {AC+4 Int+4 Slay+2}
HPRegen 0.37/turn    O - +4 ring of protection
MPRegen 0.71/turn

%: inaccuracy (-5)
@: exhausted, flying, very slightly contaminated
A: sickness immunity, AC +12, big wings, negative energy resistance 1,
electricity resistance, torment resistance 1, weak 1, petrification resistance,
no stealth, inability to use devices, hated by all, reduced AC 1, missing an
eye, no forms
a: Renounce Religion, Draw Out Power, Power Leap, Apocalypse


You were on level 3 of the Swamp.
You worshipped Ru.
Ru was exalted by your worship.
You visited 5 branches of the dungeon, and saw 26 of its levels.
You also visited: Ice Cave.

You collected 2793 gold pieces.
You spent 1317 gold pieces at shops.

Inventory:

Hand Weapons
 G - the +5 great sword of Miphi Kut (weapon) {flame, Fly rPois rCorr MP+9 Int+3}
   (You found it on level 1 of the Orcish Mines)

   Int+3:     It affects your intelligence (+3).
   rPois:     It protects you from poison MP+9: It affects your magic capacity
   (+9).
   Fly:       It grants you flight.
   rCorr:     It protects you from acid and corrosion.
Missiles
 e - 50 poisoned darts
 i - 11 atropa-tipped darts
 s - 6 datura-tipped darts
 A - 2 curare-tipped darts
Armour
 f - a scarf of resistance (worn)
 r - a +0 helmet (worn)
 t - a +0 pair of gloves (worn)
 w - a +0 pair of boots (worn)
 Q - a +2 robe of resistance (worn)
Magical Staves
 l - a staff of earth
Jewellery
 g - an amulet of magic regeneration (around neck)
 m - the ring "Nosihofa" (left hand) {AC+4 Int+4 Slay+2}
   (You found it on level 2 of the Dungeon)

   [ring of protection]

   AC+4:      It affects your AC (+4).
   Int+4:     It affects your intelligence (+4).
   Slay+2:    It affects your accuracy & damage with ranged weapons and melee
   (+2).
 q - a ring of protection from fire
 x - a ring of resist corrosion
 O - a +4 ring of protection (right hand)
Scrolls
 a - 4 scrolls of blinking
 c - 8 scrolls of teleportation
 d - 2 scrolls of silence
 j - 5 scrolls of poison
 k - 3 scrolls of fear
 n - 2 scrolls of revelation
 u - 7 scrolls of enchant armour
 y - 2 scrolls of enchant weapon
 z - 3 scrolls of amnesia
 B - a scroll of identify
 C - 5 scrolls of fog
 J - 2 scrolls of immolation
 M - a scroll of noise
 N - 2 scrolls of brand weapon
Potions
 b - a potion of magic
 h - 4 potions of curing
 o - a potion of cancellation
 p - 3 potions of haste
 v - 2 potions of mutation
 D - 2 potions of lignification
 E - 2 potions of ambrosia
 F - 4 potions of heal wounds
 K - 2 potions of resistance
 L - 3 potions of enlightenment
 P - a potion of brilliance


   Skills:
 - Level 10.0 Fighting
 - Level 5.0 Armour
 - Level 5.0 Dodging
 - Level 19.0 Spellcasting
 - Level 8.0 Conjurations
 + Level 8.9 Fire Magic
 - Level 17.3 Earth Magic


You had 27 spell levels left.
You knew the following spells:

 Your Spells              Type           Power      Damage    Failure   Level
a - Sandblast             Erth           100%       2d20      0%          1
b - Stone Arrow           Conj/Erth      100%       3d13      1%          3
c - Brom's Barrelling Bo  Conj/Erth      83%        2d9       1%          4
d - Fulminant Prism       Conj/Alch      26%        3d13      2%          4
e - Lee's Rapid Deconstr  Erth           47%        3d23*     1%          5
f - Petrify               Alch/Erth      70%        N/A       1%          4
g - Starburst             Conj/Fire      35%        6d10      6%          6

Your spell library contained the following spells:

 Spells                   Type           Power      Damage    Failure   Level
 Passwall                 Erth           95%        N/A       0%          3
 Foxfire                  Conj/Fire      100%       2x1d9     1%          1
 Magic Dart               Conj           100%       1d8       1%          1
 Shock                    Conj/Air       100%       1d9       1%          1
 Blink                    Tloc           58%        N/A       1%          2
 Ensorcelled Hibernation  Hex/Ice        58%        N/A       1%          2
 Lesser Beckoning         Tloc           58%        N/A       1%          2
 Momentum Strike          Conj/Tloc      100%       3d10      1%          2
 Searing Ray              Conj           100%       2d8       1%          2
 Dazzling Flash           Conj/Hex       100%       N/A       1%          3
 Hailstorm                Conj/Ice       53%        3d10      1%          3
 Inner Flame              Hex/Fire       55%        N/A       1%          3
 Volatile Blastmotes      Fire/Tloc      100%       2d18      1%          3
 Flame Wave               Conj/Fire      70%        2d16      1%          4
 Ignite Poison            Fire/Alch      55%        N/A       1%          4
 Sticky Flame             Fire/Alch      55%        2d10      1%          4
 Frozen Ramparts          Ice            58%        1d9       3%          3
 Fugue of the Fallen      Necr           29%        N/A       3%          3
 Gell's Gravitas          Tloc           29%        N/A       3%          3
 Ozocubu's Armour         Ice            29%        N/A       3%          3
 Swiftness                Air            29%        N/A       3%          3
 Teleport Other           Tloc           29%        N/A       3%          3
 Irradiate                Conj/Alch      26%        3d20      7%          5
 Freezing Cloud           Conj/Ice/Air   23%        6-21      12%         5
 Airstrike                Air            14%        2d(3-19)  13%         4
 Manifold Assault         Tloc           29%        N/A       13%         4
 Plasma Beam              Fire/Air       27%        2x1d40    32%         6
 Ignition                 Fire           35%        3d11      91%         8
 Disjunction              Tloc           14%        N/A       100%        8
 Maxwell's Capacitive Co  Air            14%        ∞         100%        8
 Call Imp                 Summ           Unusable   N/A       N/A         2
 Cigotuvi's Dreadful Rot  Necr/Alch/Air  Unusable   N/A       N/A         2
 Animate Armour           Summ/Erth      Unusable   N/A       N/A         4
 Summon Ice Beast         Ice/Summ       Unusable   N/A       N/A         3
 Summon Lightning Spire   Summ/Air       Unusable   N/A       N/A         4
 Summon Mana Viper        Hex/Summ       Unusable   N/A       N/A         5

Dungeon Overview and Level Annotations

Branches:
Dungeon (15/15)            Temple (1/1) D:4            Lair (5/5) D:11
  Swamp (3/4) Lair:2       Spider (0/4) Lair:2        Slime (0/5) Lair:4
    Orc (2/2) D:11            Elf (0/3) Orc:2        Vaults (0/5) D:13
 Depths (0/4) D:15          IceCv (visited)

Altars:
Ashenzari
Cheibriados
Dithmenos
Elyvilon
Gozag
Kikubaaqudgha
Makhleb
Nemelex Xobeh
Okawaru
Qazlal
Ru
Sif Muna
Trog
Uskayaw
Vehumet
Wu Jian
Xom
Zin
The Shining One

Shops:
D:1 (   D:11 [   D:14 *   D:15 *   Orc:2 :(:!?

Portals:
Pandemonium: Orc:2

Annotations:
D:13 1 runed translucent door, Pokonic1's ghost, journeyman DsAl
Lair:4 1 runed translucent door, Zyxuithu's ghost, journeyman MeSh


Innate Abilities, Weirdness & Mutations

You are immune to sickness and miasma.
Your stone body is resilient. (AC +12)
You are immune to poison.
Your large and strong wings let you fly.
You resist negative energy. (rN+)
You are resistant to electric shocks. (rElec)
You are resistant to unholy torment.
You are weak. (Str -2)
You are immune to petrification.
You cannot be stealthy.
You cannot study or use magical devices.
You are hated by all.
You take slightly more damage. (AC -5)
You are missing an eye, making it more difficult to aim.
You cannot voluntarily change form.


Message History

The six-headed hydra bites you.
* * * LOW HITPOINT WARNING * * *
The six-headed hydra bites you but does no damage.
The six-headed hydra misses you.
The six-headed hydra bites you but does no damage.
The six-headed hydra completely misses you.
The six-headed hydra bites you but does no damage.
The alligator is no longer moving slowly.
The tyrant leech is stunned by your conviction and fails to attack.
The tyrant leech is stunned by your conviction and fails to attack.
The tyrant leech bites you.
* * * LOW HITPOINT WARNING * * *
The alligator tail-slaps you but does no damage.
The alligator closely misses you.
Trunks creak and shift.
The six-headed hydra attacks as it pursues you!
The six-headed hydra bites you but does no damage. x6
The alligator attacks as it pursues you!
The alligator is stunned by your conviction and fails to attack.
You redirect the six-headed hydra's attack!
The six-headed hydra bites itself.
The six-headed hydra bites itself!
The six-headed hydra barely misses itself.
The six-headed hydra bites itself.
The six-headed hydra barely misses itself.
The six-headed hydra bites itself!!
The alligator attacks as it pursues you!
The alligator closely misses you. The alligator bites you.
* * * LOW HITPOINT WARNING * * *
The alligator drags you backwards! The tyrant leech barely misses you.
The six-headed hydra bites you!
* * * LOW HITPOINT WARNING * * *
The six-headed hydra barely misses you. The six-headed hydra misses you.
The six-headed hydra bites you but does no damage.
The six-headed hydra closely misses you.
The six-headed hydra bites you but does no damage.
A root smacks you from below!
* * * LOW HITPOINT WARNING * * *
The alligator attacks as it pursues you!
The alligator misses you. The alligator bites you.
You die...

.♣~♣♣ ♣♣♣ ~..♣♣ ♣♣ ♣♣♣ ♣♣ ..~.♣♣
♣~♣ ♣~♣♣♣~♣ ..~.~♣♣♣♣ ♣~♣♣~~♣~♣♣♣
..~.~.~~♣♣♣ ♣~♣~♣~♣♣~♣♣♣ ♣♣♣
..~.~~....♣♣♣♣♣♣♣~~~♣~♣~♣~♣♣♣♣♣~~
.♣~~.~♣♣♣§.♣♣~~~~~..~§.~~~~~♣♣.~~
.~~~.♣♣ ♣♣.....~~lD~~.~i§~~~.~~~~
.~~..♣ ♣..♣...@♣w♣~..~~#~#####~
.~~♣♣♣ ♣...♣♣.<.♣~♣♣~~§#~♣.♣♣~~~
~..♣♣ ♣..~♣♣.~.♣~♣~♣~~#♣♣.♣♣D~D
~...♣♣ ♣...♣♣~.~~♣~~♣♣♣~♣..~.....
~..~~♣ ♣.~.♣♣~~~.♣♣♣ ♣~♣♣♣.♣♣#~.
..~~.♣♣♣~§.♣♣♣~~.♣ ♣.♣ ♣.♣♣~~~
...~~~♣♣..~♣ ♣.♣.. ♣~♣ ♣~#~#♣l
...~.~♣~~.♣ ♣§~~~.♣♣ .♣ ..♣♣ ♣~
.~~..~.~~~♣ ♣.♣~~~.♣ ≈~ ♣.


You could see a six-headed hydra, an alligator and a spriggan druid.

Vanquished Creatures
  Gastronok (Lair:1)
  Kirke (D:12)
  A thorn hunter (Swamp:3)
  An azure jelly (IceCv)
  A quicksilver ooze (IceCv)
  An eleionoma (Swamp:1)
  3 bunyips
  A fire dragon (D:15)
  Snorg (Lair:3)
  An ice dragon (D:15)
  7 hydras
  A rakshasa (D:13)
  2 catoblepae
  2 ghost crabs
  2 demonspawn (Orc:2)
  6 centaur warriors
  An ogre mage (D:15)
  10 two-headed ogres
  9 death yaks
  5 alligators
  3 boulder beetles
  3 orc high priests (Orc:2)
  The ghost of jasper the Thaumaturge, a journeyman SpAl of Kikubaaqudgha (Orc:1)
  An occultist (D:15)
  Urug (Orc:1)
  A spriggan berserker (Swamp:3)
  2 sun demons (Orc:2)
  2 skysharks (Lair:4)
  3 goliath frogs
  3 spriggan druids (Swamp:2)
  An arcanist (D:14)
  3 swamp dragons (Swamp:2)
  A bog body (Swamp:1)
  9 orc knights
  Pikel (D:4)
  11 orc sorcerers
  15 ugly things
  3 will-o-the-wisps
  7 cyclopes
  3 manticores
  5 kobold blastminers
  Joseph (Lair:1)
  3 meliai (D:14)
  A torpor snail (Lair:5)
  7 elephants
  A rust devil (Orc:2)
  7 black mambas
  An ice statue (IceCv)
  21 cane toads
  A gargoyle (D:12)
  4 rime drakes
  An unseen horror (D:10)
  Jeremiah (D:6)
  3 freezing wraiths
  4 komodo dragons
  2 trolls (D:11)
  A polar bear (Lair:2)
  A bloated husk (Swamp:3)
  6 tyrant leeches
  Prince Ribbit (Lair:3)
  7 hornets
  31 blink frogs
  11 dream sheep
  15 slime creatures (IceCv)
  A jumping spider (Lair:2)
  4 shadows
  A vampire (D:12)
  8 spriggans
  3 hogs (D:12)
  8 wyverns
  4 wraiths
  43 yaks
  4 basilisks
  3 wargs
  15 vampire mosquitoes
  A steam dragon (D:7)
  2 redbacks (Lair:2)
  2 chaos spawn (Orc:2)
  4 swamp worms
  5 water moccasins
  An acid dragon (shapeshifter) (D:12)
  2 acid dragons
  5 great orb of eyes simulacra (IceCv)
  27 orc warriors
  A swamp drake (Swamp:2)
  2 sky beasts (D:7)
  23 wolves
  12 ogres
  2 phantoms
  7 centaurs
  5 kobold brigands
  Blork the orc (D:5)
  2 slime creature simulacra (IceCv)
  2 gnoll sergeants
  4 glowing shapeshifter simulacra (IceCv)
  18 bullfrogs
  A scorpion (D:4)
  4 wights
  13 killer bees
  6 howler monkeys
  7 electric eels
  13 jellies
  2 hounds
  5 bombardier beetles
  28 orc priests
  2 gnoll boudas
  Terence (D:3)
  4 iguanas
  23 orc wizards
  5 sleepcaps
  4 hell rats
  2 shapeshifter simulacra (IceCv)
  6 adders
  27 gnolls
  A shadow imp (D:8)
  A white imp (D:7)
  3 ufetubi
  2 dart slugs (D:1)
  3 ribbon worms
  87 orcs
  11 bats
  9 endoplasms
  3 giant cockroaches
  9 goblins
  5 hobgoblins
  5 jackals
  32 kobolds
  4 quokkas
  4 ball pythons
  5 frilled lizards
  5 rats
  3 boulders
  2 fulminant prisms (Lair:4)
836 creatures vanquished.

Vanquished Creatures (collateral kills)
  A bunyip (Swamp:2)
  2 hydras
  Lodul (D:14)
  A swamp worm (Swamp:2)
  An orc wizard (D:12)
  70 boulders
76 creatures vanquished.

Vanquished Creatures (others)
  A death knight (D:15)
  A centaur warrior (D:14)
  A cane toad (Lair:4)
  A blink frog (Lair:5)
  A shadow (D:10)
  A wyvern (Lair:5)
  A human (D:12)
  A vampire mosquito (Swamp:1)
  A centaur (D:14)
  An orc (D:12)
  169 boulders
  18 foxfires
  35 fulminant prisms
232 creatures vanquished.

Grand Total: 1144 creatures vanquished

Notes
Turn   | Place    | Note
-------+----------+-------------------------------------------
     0 | D:1      | swappor the Gargoyle Earth Elementalist began the quest for
                  | the Orb.
     0 | D:1      | Reached XP level 1. HP: 10/10 MP: 3/3
   253 | D:1      | Reached XP level 2. HP: 15/15 MP: 3/5
   416 | D:1      | Found Weetuxt's Antique Weapon Boutique.
   632 | D:1      | Reached XP level 3. HP: 19/19 MP: 5/7
   725 | D:1      | Reached skill level 3 in Spellcasting
  1261 | D:2      | Identified the ring "Nosihofa" {AC+4 Int+4 Slay+2}
  1613 | D:2      | Learned a level 3 spell: Stone Arrow
  2010 | D:3      | Reached XP level 4. HP: 24/24 MP: 5/9
  2153 | D:3      | Noticed Terence
  2167 | D:3      | Reached XP level 5. HP: 28/28 MP: 5/10
  2190 | D:3      | Killed Terence
  2199 | D:3      | Reached skill level 4 in Spellcasting
  2512 | D:3      | Found a radiant altar of Vehumet.
  2740 | D:3      | Reached XP level 6. HP: 33/33 MP: 7/12
  2969 | D:4      | Reached skill level 1 in Fighting
  3231 | D:4      | Got the Essays on the Liminal Sphinx
  3298 | D:4      | Found a staircase to the Ecumenical Temple.
  3309 | Temple   | Entered the Ecumenical Temple
  3409 | Temple   | Became a worshipper of Ru the Awakened
  3458 | D:4      | Noticed Pikel
  3460 | D:4      | Paralysed by Pikel for 3 turns
  3474 | D:4      | Killed Pikel
  3475 | D:4      | Reached skill level 5 in Spellcasting
  3475 | D:4      | Reached XP level 7. HP: 29/40 MP: 0/15
  3779 | D:4      | Found a basalt altar of Yredelemnul.
  3783 | D:4      | Found a burning altar of Makhleb.
  3787 | D:4      | Found a glowing golden altar of the Shining One.
  3943 | D:5      | Entered Level 5 of the Dungeon
  4051 | D:4      | Reached XP level 8. HP: 33/44 MP: 11/16
  4581 | D:5      | Reached skill level 6 in Spellcasting
  4731 | D:5      | Noticed Blork the orc
  4736 | D:5      | Killed Blork the orc
  5267 | D:5      | Reached skill level 7 in Spellcasting
  5387 | D:5      | Identified the +5 spear "Goytwa" {heavy, Int+2}
  5773 | D:5      | Found an ornate altar of the Wu Jian Council.
  5888 | D:6      | Reached XP level 9. HP: 48/48 MP: 2/20
  5995 | D:6      | Reached skill level 8 in Spellcasting
  6176 | D:6      | Reached skill level 1 in Armour
  6267 | D:6      | Found a shimmering altar of Xom.
  6271 | D:6      | Gained mutation: You cannot be stealthy. [Ru sacrifice]
  6856 | D:6      | Noticed Jeremiah
  6889 | D:6      | Killed Jeremiah
  8019 | D:7      | Reached skill level 9 in Spellcasting
  8508 | D:7      | Reached XP level 10. HP: 52/56 MP: 13/23
  8510 | D:7      | Reached skill level 10 in Earth Magic
 10003 | D:8      | Reached skill level 10 in Spellcasting
 10169 | D:8      | Gained mutation: You take slightly more damage. (AC -5) [Ru
                  | sacrifice]
 10169 | D:8      | Reached * piety under Ru
 10169 | D:8      | Reached ** piety under Ru
 10529 | D:8      | Found a blossoming altar of Fedhas.
 11221 | D:9      | Noticed a two-headed ogre
 11754 | D:9      | Killed a two-headed ogre
 11755 | D:9      | Reached skill level 11 in Spellcasting
 11755 | D:9      | Reached XP level 11. HP: 61/61 MP: 12/26
 11970 | D:10     | Entered Level 10 of the Dungeon
 12105 | D:10     | Learned a level 4 spell: Brom's Barrelling Boulder
 12224 | D:10     | Found an opulent altar of Gozag.
 12312 | D:10     | Noticed a two-headed ogre
 12317 | D:10     | Killed a two-headed ogre
 12668 | D:10     | Noticed a two-headed ogre
 12694 | D:10     | Killed a two-headed ogre
 12695 | D:10     | Reached skill level 12 in Spellcasting
 12695 | D:10     | Reached skill level 1 in Evocations
 13719 | D:11     | Found Wupnaos's Armour Emporium.
 13756 | D:11     | Noticed a two-headed ogre
 13759 | D:11     | Found a staircase to the Orcish Mines.
 13935 | D:10     | Reached skill level 5 in Fighting
 14355 | D:11     | Gained mutation: You are missing an eye, making it more
                  | difficult to aim. [Ru sacrifice]
 14355 | D:11     | Reached *** piety under Ru
 14834 | D:11     | Killed a two-headed ogre
 14835 | D:11     | Reached skill level 5 in Evocations
 15086 | D:11     | Found a staircase to the Lair.
 15372 | Lair:1   | Entered Level 1 of the Lair of Beasts
 15762 | Lair:1   | Reached XP level 12. HP: 71/71 MP: 24/28
 15921 | Lair:1   | Noticed a boulder beetle
 15922 | Lair:1   | Found an ornate altar of the Wu Jian Council.
 15924 | Lair:1   | Found a hide-covered altar of Uskayaw.
 15938 | Lair:1   | Killed a boulder beetle
 16086 | Lair:1   | Noticed Gastronok
 16102 | Lair:1   | Killed Gastronok
 16488 | Lair:1   | Noticed Joseph
 16497 | Lair:1   | Killed Joseph
 16541 | Lair:1   | Identified the +10 short sword of Purpose {antimagic,
                  | ^Drain rN+++ Will+++ Dex-3}
 16836 | Lair:1   | Reached skill level 5 in Conjurations
 17095 | Lair:2   | Gained mutation: You cannot study or use magical devices.
                  | [Ru sacrifice]
 17095 | Lair:2   | Reached **** piety under Ru
 17095 | Lair:2   | Reached ***** piety under Ru
 17516 | Lair:2   | Found a hole to the Spider Nest.
 17566 | Lair:2   | Found a staircase to the Swamp.
 17566 | Lair:2   | Noticed an alligator
 17783 | Lair:2   | Noticed a six-headed hydra
 17849 | Lair:2   | Killed a six-headed hydra
 17850 | Lair:2   | Reached XP level 13. HP: 65/78 MP: 10/29
 18501 | Lair:3   | Noticed Prince Ribbit
 18625 | Lair:3   | Noticed Snorg
 19064 | Lair:3   | Killed Prince Ribbit
 19318 | Lair:3   | Killed Snorg
 19319 | Lair:3   | Reached skill level 13 in Spellcasting
 19651 | Lair:3   | Learned a level 4 spell: Fulminant Prism
 20148 | Lair:3   | Gained mutation: You cannot voluntarily change form. [Ru
                  | sacrifice]
 20567 | Lair:4   | Found a staircase to the Slime Pits.
 20568 | Lair:4   | Found a viscous altar of Jiyva.
 21117 | Lair:4   | Found a runed translucent door.
 21122 | Lair:4   | Reached skill level 15 in Earth Magic
 21128 | Lair:4   | Noticed Zyxuithu's ghost (journeyman MeSh)
 21406 | Lair:3   | Reached skill level 14 in Spellcasting
 21512 | Lair:4   | Gained mutation: Your large and strong wings let you fly.
                  | [Gargoyle growth]
 21512 | Lair:4   | Reached XP level 14. HP: 84/84 MP: 4/32
 22324 | Lair:5   | Entered Level 5 of the Lair of Beasts
 23007 | Lair:4   | Reached skill level 15 in Spellcasting
 23916 | Lair:5   | Gained mutation: You are weak. (Str -2) [Ru sacrifice]
 23988 | Lair:5   | Reached skill level 16 in Spellcasting
 24807 | D:1      | Bought a glowing dagger for 115 gold pieces
 24807 | D:1      | Bought a translucent broad axe for 207 gold pieces
 24807 | D:1      | Identified the +8 broad axe of the Illusory Beasts {flame,
                  | rPois} (You bought it in a shop on level 1 of the Dungeon)
 24807 | D:1      | Bought a runed long sword for 149 gold pieces
 25195 | D:12     | Noticed Kirke
 25216 | D:12     | Noticed a sphinx
 25241 | D:12     | Killed Kirke
 26248 | D:13     | Reached skill level 10 in Fighting
 26248 | D:13     | Reached XP level 15. HP: 76/92 MP: 18/35
 26311 | D:13     | Found a runed translucent door.
 26313 | D:13     | Noticed Pokonic1's ghost (journeyman DsAl)
 26605 | D:13     | Reached skill level 5 in Armour
 26987 | D:13     | Found a gate to the Vaults.
 27143 | D:14     | Reached skill level 5 in Dodging
 27285 | D:14     | Found a large runed translucent door.
 27286 | D:14     | Found a large runed translucent door.
 27632 | D:14     | Gained mutation: You are hated by all. [Ru sacrifice]
 27632 | D:14     | Reached ****** piety under Ru
 27923 | D:14     | Identified the +3 ring mail of the Tundras {rF+}
 28361 | D:14     | Noticed Lodul
 28442 | D:14     | Killed Lodul
 28457 | D:14     | Found Diakuq's Assorted Antiques.
 28862 | D:14     | Bought a scroll labelled SUCWER ARPHECZI for 33 gold pieces
 28862 | D:14     | Bought a scroll labelled CIJOUC ANKAEDIQI for 33 gold
                  | pieces
 28862 | D:14     | Bought a scroll labelled SUCWER ARPHECZI for 33 gold pieces
 28862 | D:14     | Bought 2 blue potions for 59 gold pieces
 29062 | D:14     | Reached skill level 17 in Spellcasting
 29280 | D:14     | Found an iron altar of Okawaru.
 29284 | D:14     | Found an iron altar of Okawaru.
 29302 | D:14     | Identified the +0 robe of Fanaticism {Rampage Will- Str+2}
 29357 | D:15     | Entered Level 15 of the Dungeon
 29855 | D:15     | Found a staircase to the Depths.
 29964 | D:15     | Found a shimmering altar of Xom.
 30207 | D:15     | Found Kuyvydwe's General Store.
 30216 | D:15     | Bought a potion of brilliance for 60 gold pieces
 30216 | D:15     | Bought a scroll of torment for 142 gold pieces
 30216 | D:15     | Bought a scroll of identify for 30 gold pieces
 30798 | D:15     | Paralysed by an ogre mage for 4 turns
 31056 | D:15     | Reached skill level 18 in Spellcasting
 31526 | Orc:1    | Entered Level 1 of the Orcish Mines
 31526 | Orc:1    | Found a runed translucent door.
 31527 | Orc:1    | Noticed Urug
 31606 | Orc:1    | Killed Urug
 31654 | Orc:1    | Noticed jasper's ghost (journeyman SpAl)
 31663 | Orc:1    | Killed jasper's ghost
 31674 | Orc:1    | Identified the +5 great sword of Miphi Kut {flame, Fly
                  | rPois rCorr MP+9 Int+3}
 31706 | D:11     | Learned a level 5 spell: Lee's Rapid Deconstruction
 32073 | Orc:1    | Reached XP level 16. HP: 91/97 MP: 15/38
 32183 | Orc:2    | Entered Level 2 of the Orcish Mines
 32217 | Orc:2    | Found a staircase to the Elven Halls.
 32217 | Orc:2    | Paralysed by an orc sorcerer for 5 turns
 32273 | Orc:2    | Found a frozen archway.
 32279 | IceCv    | Entered an ice cave
 32766 | IceCv    | Noticed an azure jelly
 32778 | IceCv    | Killed an azure jelly
 32865 | IceCv    | Got the Elucidation of Hail
 33148 | Orc:2    | Found Vofiruem's Distillery.
 33149 | Orc:2    | Found Moas's Magic Scroll Emporium.
 33497 | Orc:2    | Found Tyliked's Vocational Training.
 33745 | Orc:2    | Bought a scroll of enchant armour for 120 gold pieces
 33745 | Orc:2    | Bought a scroll of identify for 32 gold pieces
 33745 | Orc:2    | Bought a scroll of enchant armour for 120 gold pieces
 33745 | Orc:2    | Bought a scroll of enchant armour for 120 gold pieces
 33745 | Orc:2    | Bought 2 scrolls of identify for 64 gold pieces
 34194 | Orc:2    | Reached skill level 19 in Spellcasting
 34223 | Orc:2    | Found Diruruz's Antique Weapon Boutique.
 34223 | Orc:2    | Found a one-way gate leading to the halls of Pandemonium.
 34223 | Orc:2    | Found Diocaw's Book Shop.
 34228 | Orc:2    | Upgraded the game from 0.32-a0-12-g7fc57aa741 to
                  | 0.32-a0-17-gb74e046682
 34397 | Swamp:1  | Entered Level 1 of the Swamp
 34402 | Swamp:1  | Reached skill level 1 in Fire Magic
 34419 | Swamp:1  | Learned a level 4 spell: Petrify
 35348 | Swamp:2  | Reached skill level 5 in Fire Magic
 36311 | Swamp:3  | Reached XP level 17. HP: 51/102 MP: 29/40
 36421 | Swamp:3  | Learned a level 6 spell: Starburst
 36725 | Swamp:3  | HP: 1/102 [spriggan druid/angry trees (16)]
 36725 | Swamp:3  | Slain by an alligator

Illustrated notes

Levels and vault maps discovered:
D:1:      lightli_arrival_lavapool, layout_basic, serial_shops,
          nicolae_shop_rolling_square, roderic_nine_men_s_morris,
          minmay_bisected
D:2:      layout_basic
D:3:      layout_rooms, old_standard_altar, uniq_terence
D:4:      layout_basic, grunt_temple_overflow_diamond, temple_fountains,
          uniq_pikel
D:5:      layout_basic, nicolae_wu_jian_glorious_leap,
          nicolae_fountain_basement, uniq_blork_the_orc
D:6:      layout_rooms, mainiacjoe_overflow_24_doors, uniq_jeremiah
D:7:      layout_loops_ring, grunt_decor_one_mirror, kennysheep_generic_room_3
D:8:      layout_basic, fedhas_altar_fruit_tree
D:9:      layout_basic, enter_bailey_2, serial_bayou_pond_b,
          grunt_decor_mini_mirrors
D:10:     layout_basic, mainiacjoe_overflow_six_doors_small,
          nicolae_letterblocks [nicolae_letter_subblock,
          nicolae_letter_subblock, nicolae_letter_subblock,
          nicolae_letter_subblock, nicolae_letter_subblock,
          nicolae_letter_subblock, nicolae_letter_subblock,
          nicolae_letter_subblock, nicolae_letter_subblock,
          nicolae_letter_subblock, nicolae_letter_subblock,
          nicolae_letter_subblock, nicolae_letter_subblock,
          nicolae_letter_subblock, nicolae_letter_subblock,
          nicolae_letter_subblock, nicolae_letter_subblock,
          nicolae_letter_subblock, nicolae_letter_subblock,
          nicolae_letter_subblock, nicolae_letter_subblock,
          nicolae_letter_subblock, nicolae_letter_subblock,
          nicolae_letter_subblock, nicolae_letter_subblock]
D:11:     layout_gridville, lair_entry_dummy, orc_david_3
D:12:     layout_basic, uniq_kirke
D:13:     layout_cross, hellmonk_vaults_attempted_burglary,
          gammafunk_ghost_grave, minmay_crystal_water
D:14:     okawaru_arena_lexackson, layout_stronghold,
          hangedman_decor_cross_pass, serial_shops, nicolae_shop_waterfront,
          uniq_lodul
D:15:     grunt_enter_depths_hoard, layout_grid_maze, xom_teletrap_fun,
          serial_shops, shop_statue, grunt_decor_junction, minmay_misc_feat_tiny
Temple:   minmay_temple_curvy_branch
Lair:1:   layout_cave_pods, nzn_masters_of_martial_movement,
          serial_bayou_shore_b, infiniplex_staircase_pool, uniq_gastronok,
          uniq_joseph
Lair:2:   layout_cave_pods, mainiacjoe_swamp_entry_lozenge_pond,
          spider_nest_entry_a, serial_bayou_shore_a
Lair:3:   layout_gridlike, uniq_prince_ribbit2, uniq_snorg
Lair:4:   layout_regular_city, minmay_slime_entry_jelly_boxes,
          gammafunk_ghost_grave, grunt_megastairs_4
Lair:5:   minmay_lair_end_frog_pond, layout_loops_ring
Swamp:1:  layout_basic_swamp, hangedman_swamp_blocks
Swamp:2:  layout_falls_marsh, evilmike_swamp_ruin_house_5
Swamp:3:  nzn_winding_woodlands_medium [nzn_winding_woodlands_5x5_three,
          nzn_winding_woodlands_5x15_crooked,
          nzn_winding_woodlands_5x5_closed_star,
          nzn_winding_woodlands_5x5_default,
          nzn_winding_woodlands_center_diamonds,
          nzn_winding_woodlands_5x5_default,
          nzn_winding_woodlands_5x5_open_star,
          nzn_winding_woodlands_5x15_pathside_ponds,
          nzn_winding_woodlands_5x5_cross], layout_falls_marsh,
          evilmike_swamp_ruin_house_1, uniq_bai_suzhen, uniq_nikola
Orc:1:    layout_caves, basic_altar, ebering_ghost_reflecting_pool, uniq_urug
Orc:2:    pf_orc_diabolical, layout_caves, portal_ice_cave_rime,
          roderic_batcave, nicolae_shop_vocational

Skill      XL: |  1  2  3  4  5  6  7  8  9 10 11 12 13 14 15 16 17 |
---------------+----------------------------------------------------+-----
Earth Magic    | 4 6 7 8 9 12 15 16 17 | 17.3
Spellcasting   | 3 4 5 7 9 11 12 14 16 18 19 | 19.0
Conjurations   | 2 4 8 |  8.0
Fighting       | 2 4 6 8 10 | 10.0
Armour         | 2 4 5 |  5.0
Stealth        | 0 |  0.0
Dodging        | 2 4 5 |  5.0
Evocations     | 6 0 |  0.0
Fire Magic     | 7 8 |  8.9

Action                     |  1- 3 |  4- 6 |  7- 9 | 10-12 | 13-15 | 16-18 || total
---------------------------+-------+-------+-------+-------+-------+-------++-------
  Melee: Staff             |       |       |    11 |    71 |    37 |       ||   119
         Punch             |       |       |       |     1 |     2 |       ||     3
         Great sword       |       |       |       |       |       |    19 ||    19
   Fire: Sling             |       |     2 |       |       |       |       ||     2
  Throw: Stone             |       |     4 |       |       |       |       ||     4
         Dart              |       |       |     2 |     4 |       |       ||     6
   Cast: Sandblast         |    50 |    45 |       |       |       |       ||    95
         Stone Arrow       |       |     9 |   149 |   391 |   608 |    58 ||  1215
         Brom's Barrelling |       |       |       |    30 |   195 |   105 ||   330
         Fulminant Prism   |       |       |       |       |    38 |       ||    38
         Lee's Rapid Decon |       |       |       |       |    12 |   198 ||   210
         Petrify           |       |       |       |       |       |     8 ||     8
         Starburst         |       |       |       |       |       |    15 ||    15
 Invoke: Sacrifice Stealth |       |       |     1 |       |       |       ||     1
         Sacrifice Health  |       |       |       |     1 |       |       ||     1
         Sacrifice an Eye  |       |       |       |     1 |       |       ||     1
         Power Leap        |       |       |       |     1 |     4 |     2 ||     7
         Sacrifice Artific |       |       |       |     1 |       |       ||     1
         Draw Out Power    |       |       |       |       |     2 |       ||     2
         Sacrifice Forms   |       |       |       |       |     1 |       ||     1
         Apocalypse        |       |       |       |       |     4 |     1 ||     5
         Sacrifice Purity  |       |       |       |       |     1 |       ||     1
         Sacrifice Love    |       |       |       |       |     1 |       ||     1
  Evoke: Wand              |       |       |       |     4 |       |       ||     4
    Use: Scroll            |       |       |     5 |     9 |    10 |     6 ||    30
         Potion            |       |       |       |     2 |     1 |       ||     3
   Stab: Paralysed         |       |       |       |       |     4 |     1 ||     5
 Armour: Robe              |     6 |     7 |    13 |       |       |   131 ||   157
         Leather armour    |       |       |    46 |    19 |       |       ||    65
         Acid dragon scale |       |       |       |   239 |   477 |    14 ||   730
         Steam dragon scal |       |       |       |    17 |       |       ||    17
  Dodge: Dodged            |     6 |     5 |    49 |   169 |   297 |    88 ||   614

Table legend: (Time is in decaauts)
 A = Elapsed time spent in this place.
 B = Non-inter-level travel time spent in this place.
 C = Inter-level travel time spent in this place.
 D = Time resting spent in this place.
 E = Time spent auto-exploring this place.
 F = Levels seen in this place.
 G = Mean time per level.
                   A        B        C        D        E       F      G
               +--------+--------+--------+--------+--------+-----+--------+
         Total |  36861 |  34064 |   2797 |   9670 |  12206 |  27 | 1365.2 |
       Dungeon |  22622 |  20657 |   1965 |   5387 |   7613 |  15 | 1508.1 |
        Temple |    126 |     87 |     39 |      0 |      0 |   1 |  126.0 |
          Lair |   9068 |   8404 |    664 |   2706 |   3172 |   5 | 1813.6 |
         Swamp |   2336 |   2271 |     65 |    712 |    548 |   3 |  778.7 |
  Orcish Mines |   2031 |   1968 |     63 |    666 |    682 |   2 | 1015.5 |
      Ice Cave |    674 |    674 |      0 |    199 |    191 |   1 |  674.0 |
               +--------+--------+--------+--------+--------+-----+--------+

Top non-repeatable levels by time:
  Lair:4: 2574 daAuts
    D:10: 2254 daAuts
    D:14: 2059 daAuts
  Lair:3: 1895 daAuts
     D:5: 1887 daAuts
    D:15: 1877 daAuts
  Lair:2: 1716 daAuts
     D:7: 1709 daAuts
  Lair:1: 1661 daAuts
     D:8: 1530 daAuts
    D:11: 1504 daAuts
     D:9: 1471 daAuts
     D:6: 1432 daAuts
   Orc:2: 1366 daAuts
    D:13: 1296 daAuts
